 Dungeon Crawl Stone Soup version 0.21-a0-361-g4efd3f9 (webtiles) character file.

435 tidbits the Insei (level 7, 27/52 HPs)
             Began as a Gnoll Transmuter on Oct 13, 2017.
             Quit the game in the Ecumenical Temple.
             The game lasted 00:08:38 (1366 turns).

tidbits the Insei (Gnoll Transmuter)                Turns: 1366, Time: 00:08:39

Health: 27/52      AC:  3    Str: 13    XL:     7   Next: 0%
Magic:  15/15      EV: 15    Int: 17    God:
Gold:   232        SH:  0    Dex: 15    Spells: 10/16 levels left

rFire    . . .     SeeInvis +     - Unarmed
rCold    . . .     Gourm    .   (no shield)
rNeg     . . .     Faith    .   b - +0 robe
rPois    .         Spirit   .   E - +0 helmet
rElec    .         Reflect  .   (no cloak)
rCorr    .         Harm     .   (no gloves)
MR       .....                  (no boots)
Stlth    ++........             (no amulet)
HPRegen  0.17/turn              j - ring of see invisible
MPRegen  0.14/turn              x - ring of flight

@: no status effects
A: distributed training, fangs 1, strong nose
a: Evoke Flight


You were in the Ecumenical Temple.
You were hungry.

You visited 2 branches of the dungeon, and saw 5 of its levels.

You collected 232 gold pieces.

Inventory:

Hand Weapons
 g - a +0 hunting sling
 n - a +0 spear of venom
   (You took it off Robin on level 3 of the Dungeon)
Missiles
 a - 25 arrows
 e - 17 sling bullets
 k - 107 stones (quivered)
Armour
 b - a +0 robe (worn)
 E - a +0 helmet (worn)
Jewellery
 j - a ring of see invisible (left hand)
   (You found it on level 1 of the Dungeon)
 x - a ring of flight (right hand)
   (You found it on level 4 of the Dungeon)
Wands
 m - a wand of flame (33/48)
 A - a wand of disintegration (12/24)
Scrolls
 o - a scroll of identify {unknown}
 p - a scroll of fear {unknown}
 q - a scroll of enchant armour {unknown}
 u - a scroll of magic mapping {unknown}
 v - 3 scrolls of enchant weapon {unknown}
 y - a scroll of amnesia {unknown}
Potions
 f - 2 potions of cancellation
 h - a potion of heal wounds
 i - a potion of brilliance {unknown}
 l - a potion of curing {unknown}
 s - a potion of haste {unknown}
 t - a potion of lignification {unknown}
 z - a potion of flight {unknown}
Books
 c - a book of Changes

   Spells                             Type                      Level
   a - Beastly Appendage              Transmutation                1
   b - Sticks to Snakes               Transmutation                2
   c - Spider Form                    Transmutation/Poison         3
   d - Ice Form                       Ice/Transmutation            4
   e - Blade Hands                    Transmutation                5
Comestibles
 d - 4 bread rations
 r - a royal jelly


   Skills:
 + Level 3.4 Fighting
 + Level 2.1 Short Blades
 + Level 2.1 Long Blades
 + Level 2.1 Axes
 + Level 2.1 Maces & Flails
 + Level 2.1 Polearms
 + Level 2.1 Staves
 + Level 2.1 Slings
 + Level 2.1 Bows
 + Level 2.1 Crossbows
 + Level 2.1 Throwing
 + Level 2.1 Armour
 + Level 5.1 Dodging
 + Level 2.1 Stealth
 + Level 2.1 Shields
 + Level 6.9 Unarmed Combat
 + Level 5.4 Spellcasting
 + Level 1.7 Conjurations
 + Level 1.7 Hexes
 + Level 1.7 Charms
 + Level 1.7 Summonings
 + Level 1.7 Necromancy
 + Level 1.7 Translocations
 + Level 4.2 Transmutations
 + Level 1.7 Fire Magic
 + Level 1.7 Ice Magic
 + Level 1.7 Air Magic
 + Level 1.7 Earth Magic
 + Level 1.7 Poison Magic
 + Level 2.4 Invocations
 + Level 2.1 Evocations


You had 10 spell levels left.
You knew the following spells:

 Your Spells              Type           Power        Failure   Level  Hunger
e - Beastly Appendage     Tmut           ###...       2%          1    None
k - Sticks to Snakes      Tmut           ###.....     3%          2    #......
p - Spider Form           Tmut/Pois      ##........   12%         3    ##.....


Dungeon Overview and Level Annotations

Branches:
Dungeon (4/15)             Temple (1/1) D:4

Altars:
Ashenzari
Dithmenos
Elyvilon
Fedhas
Hepliaklqana
Kikubaaqudgha
Okawaru
Qazlal
Ru
Sif Muna
Trog
Vehumet
Wu Jian
Xom
Yredelemnul
The Shining One


Innate Abilities, Weirdness & Mutations

Your experience applies equally to all skills.
You have very sharp teeth.
Your uncanny sense of smell can sniff out nearby items.


Message History

Found 20 stones.
You see here a blackened steel ring.
x - a blackened steel ring Put on which piece of jewellery? (? for menu, Esc to quit)
x - a ring of flight (right front leg)
Casting: Spider Form
Confirm with . or Enter, or press ? or * to list all spells.
You extend your transformation's duration.
You hit the frilled lizard.
The frilled lizard is poisoned.
The frilled lizard is heavily wounded.
The frilled lizard completely misses you.
You hit the frilled lizard but do no damage.
The frilled lizard looks as sick as possible!
The frilled lizard is heavily wounded.
You kill the frilled lizard!
You now have 221 gold pieces (gained 9).
Found a forked glass wand.
y - a scroll labeled AMONOU MEISEO
z - a fuming sapphire potion Your transformation is almost over.
Found 11 gold pieces.
Found 12 stones.
As you open the door, it creaks loudly!
There is an open door here.
A - a wand of disintegration (?/24)
There is an open door here.
Your transformation has ended.
Your +0 helmet unmelds from your body.
Your +0 robe unmelds from your body.
You now have 232 gold pieces (gained 11).
k - 107 stones (gained 12)
You open the door.
There is an open door here.
There is an open door here.
A scorpion comes into view.
Casting: Spider Form
Confirm with . or Enter, or press ? or * to list all spells.
You turn into a venomous arachnid creature.
Your +0 helmet melds into your body.
Your +0 robe melds into your body.
The scorpion closely misses you.
You barely miss the scorpion. The scorpion stings you.
You are poisoned.
The scorpion poisons you!
You bite the scorpion!
The scorpion is heavily wounded.
You feel sick. The scorpion misses you.
You hit the scorpion but do no damage.
The scorpion is poisoned.
The scorpion is heavily wounded.
You feel sick. The scorpion stings you.
You bite the scorpion!
You kill the scorpion!
You have reached level 7!
You feel sick.
You feel sick.
You feel sick.
You feel sick.
You feel sick.
You feel sick.
You feel sick.
You feel sick.
You feel sick.
You feel sick.
You feel sick.
There is an open door here.
You feel sick.
You feel sick.
Your transformation is almost over.
You feel sick.
Found a stone staircase leading down.
You feel sick.
You feel sick.
Found a staircase to the Ecumenical Temple.
You feel sick.
Your transformation has ended.
Your +0 helmet unmelds from your body.
Your +0 robe unmelds from your body.
You feel sick.
There is a staircase to the Ecumenical Temple here.
You climb downwards.
Welcome to the Ecumenical Temple!
There is a staircase back to the Dungeon here.
You feel sick.
Found a shimmering altar of Xom.
You feel sick.
Found a deep blue altar of Sif Muna and a stormy altar of Qazlal.
You feel sick.
You are no longer poisoned.
Found an ornate altar of the Wu Jian Council.
Found a hazy altar of Hepliaklqana.
Found an iron altar of Okawaru.
There is an ornate altar of the Wu Jian Council here.
Found a shattered altar of Ashenzari and a shadowy altar of Dithmenos.
Found a sacrificial altar of Ru.
Found a radiant altar of Vehumet.
Found a white marble altar of Elyvilon.
Found a bloodstained altar of Trog.
There is a sacrificial altar of Ru here.
Found a basalt altar of Yredelemnul.
All of the chunks of flesh in your inventory have rotted away.
You are feeling hungry.
Found a blossoming altar of Fedhas.
Found an ancient bone altar of Kikubaaqudgha.
Are you sure you want to abandon this character and quit the game? (Confirm with "yes".)

########################
≈≈≈≈≈≈≈≈≈≈≈≈≈≈≈≈≈≈......
≈≈≈≈≈≈≈≈≈≈≈≈≈≈≈≈≈≈......
≈≈≈≈≈≈≈≈≈≈≈≈≈≈......._..
≈≈≈≈≈≈≈≈≈≈≈≈......#.....
≈≈≈≈≈≈≈≈......._......
≈≈≈≈≈≈......#......#######
........._......@###.....#
......#......##.##.......#
...<.......#.#......._...#
.......#####......#......#
.....###......._.........#
######......#......#######
........._.......###.....#
......#......#####.......#
..._.......#.#......._...#


There were no monsters in sight!

Vanquished Creatures
  A phantom (D:4)
  A scorpion (D:4)
  A bullfrog skeleton (D:4)
  An orc wizard (D:4)
  Natasha (D:2)
  3 worker ants (D:4)
  Robin (D:3)
  5 adders
  3 gnolls
  2 oozes
  3 worms
  2 leopard geckos
  2 orcs (D:4)
  2 giant cockroaches
  11 hobgoblins
  4 jackals (D:2)
  A bat (D:3)
  5 frilled lizards
  8 goblins (D:3)
  4 kobolds
  4 rats
65 creatures vanquished.

Vanquished Creatures (collateral kills)
  A goblin (D:2)
  A frilled lizard (D:2)
2 creatures vanquished.

Grand Total: 67 creatures vanquished

Notes
Turn   | Place    | Note
-------+----------+-------------------------------------------
     0 | D:1      | tidbits the Gnoll Transmuter began the quest for the Orb.
     0 | D:1      | Reached XP level 1. HP: 17/17 MP: 6/6
    29 | D:1      | Reached XP level 2. HP: 8/23 MP: 4/7
   196 | D:1      | HP: 2/23 [hobgoblin/club (4)]
   240 | D:1      | Reached XP level 3. HP: 6/28 MP: 7/9
   268 | D:1      | Reached skill level 5 in Spellcasting
   273 | D:1      | Learned a level 2 spell: Sticks to Snakes
   277 | D:1      | Learned a level 3 spell: Spider Form
   351 | D:2      | Reached skill level 1 in Invocations
   511 | D:3      | Reached skill level 1 in Short Blades
   511 | D:3      | Reached skill level 1 in Long Blades
   511 | D:3      | Reached skill level 1 in Axes
   511 | D:3      | Reached skill level 1 in Maces & Flails
   511 | D:3      | Reached skill level 1 in Polearms
   511 | D:3      | Reached skill level 1 in Staves
   511 | D:3      | Reached skill level 1 in Slings
   511 | D:3      | Reached skill level 1 in Bows
   511 | D:3      | Reached skill level 1 in Crossbows
   511 | D:3      | Reached skill level 1 in Throwing
   511 | D:3      | Reached skill level 1 in Armour
   511 | D:3      | Reached skill level 1 in Stealth
   511 | D:3      | Reached skill level 1 in Shields
   511 | D:3      | Reached skill level 1 in Evocations
   529 | D:3      | Reached XP level 4. HP: 25/34 MP: 6/11
   616 | D:3      | Found a glowing golden altar of the Shining One.
   616 | D:3      | Noticed Robin
   638 | D:3      | Killed Robin
   638 | D:3      | Reached skill level 1 in Conjurations
   638 | D:3      | Reached skill level 1 in Hexes
   638 | D:3      | Reached skill level 1 in Charms
   638 | D:3      | Reached skill level 1 in Summonings
   638 | D:3      | Reached skill level 1 in Necromancy
   638 | D:3      | Reached skill level 1 in Translocations
   638 | D:3      | Reached skill level 1 in Fire Magic
   638 | D:3      | Reached skill level 1 in Ice Magic
   638 | D:3      | Reached skill level 1 in Air Magic
   638 | D:3      | Reached skill level 1 in Earth Magic
   638 | D:3      | Reached skill level 1 in Poison Magic
   761 | D:3      | Reached XP level 5. HP: 33/40 MP: 8/12
   856 | D:2      | Noticed Natasha
   865 | D:2      | Killed Natasha
   865 | D:2      | Reached skill level 3 in Fighting
   866 | D:2      | Reached skill level 4 in Transmutations
  1086 | D:4      | Reached XP level 6. HP: 46/47 MP: 6/13
  1115 | D:4      | Reached skill level 2 in Invocations
  1133 | D:4      | Noticed a phantom
  1154 | D:4      | Killed a phantom
  1154 | D:4      | Reached skill level 2 in Short Blades
  1154 | D:4      | Reached skill level 2 in Long Blades
  1154 | D:4      | Reached skill level 2 in Axes
  1154 | D:4      | Reached skill level 2 in Maces & Flails
  1154 | D:4      | Reached skill level 2 in Polearms
  1154 | D:4      | Reached skill level 2 in Staves
  1154 | D:4      | Reached skill level 2 in Slings
  1154 | D:4      | Reached skill level 2 in Bows
  1154 | D:4      | Reached skill level 2 in Crossbows
  1154 | D:4      | Reached skill level 2 in Throwing
  1154 | D:4      | Reached skill level 2 in Armour
  1154 | D:4      | Reached skill level 5 in Dodging
  1154 | D:4      | Reached skill level 2 in Stealth
  1154 | D:4      | Reached skill level 2 in Shields
  1154 | D:4      | Reached skill level 2 in Evocations
  1276 | D:4      | Reached XP level 7. HP: 35/52 MP: 11/15
  1295 | D:4      | Found a staircase to the Ecumenical Temple.
  1304 | Temple   | Entered the Ecumenical Temple
  1366 | Temple   | Quit the game

Vault maps used:
D:1:      minmay_arrival_semitransparent, okawaru_ov_weapons_minmay
D:2:      nicolae_overflow_hidden_temple, first_bread, uniq_natasha
D:3:      tso_metal_star, uniq_robin
D:4:      makhleb_grotto_becter, kennysheep_mini_moat, temple_statues
Temple:   regret_index_temple_waves

Skill      XL: |  1  2  3  4  5  6 |
---------------+-------------------+-----
Spellcasting   | 5 |  5.4
Invocations    | 1 2 |  2.4
Short Blades   | 1 2 |  2.1
Long Blades    | 1 2 |  2.1
Axes           | 1 2 |  2.1
Maces & Flails | 1 2 |  2.1
Polearms       | 1 2 |  2.1
Staves         | 1 2 |  2.1
Slings         | 1 2 |  2.1
Bows           | 1 2 |  2.1
Crossbows      | 1 2 |  2.1
Throwing       | 1 2 |  2.1
Armour         | 1 2 |  2.1
Stealth        | 1 2 |  2.1
Shields        | 1 2 |  2.1
Evocations     | 1 2 |  2.1
Conjurations   | 1 |  1.7
Hexes          | 1 |  1.7
Charms         | 1 |  1.7
Summonings     | 1 |  1.7
Necromancy     | 1 |  1.7
Translocations | 1 |  1.7
Fire Magic     | 1 |  1.7
Ice Magic      | 1 |  1.7
Air Magic      | 1 |  1.7
Earth Magic    | 1 |  1.7
Poison Magic   | 1 |  1.7
Fighting       | 3 |  3.4
Transmutations | 4 |  4.2
Dodging        | 5 |  5.1
Unarmed Combat | |  6.9

Action                   |  1- 3 |  4- 6 |  7- 9 || total
-------------------------+-------+-------+-------++-------
Melee: Unarmed           |    68 |   102 |       ||   170
       Bite              |     3 |       |       ||     3
       Headbutt          |     2 |       |       ||     2
       Kick              |     4 |       |       ||     4
       Punch             |     1 |     1 |       ||     2
 Cast: Beastly Appendage |     9 |       |       ||     9
       Spider Form       |     7 |    17 |       ||    24
       Sticks to Snakes  |       |     4 |       ||     4
  Use: Potion            |     3 |       |       ||     3
 Stab: Sleeping          |     3 |     3 |       ||     6
  Eat: Chunk             |       |     3 |       ||     3
Armor: Robe              |     2 |       |       ||     2
       Skin              |       |     1 |       ||     1
Dodge: Dodged            |    49 |    78 |       ||   127

Table legend:
 A = Spawn XP
 B = Non-spawn XP
 C = Spawn XP percentage of total XP
 D = Spawn monster count
 E = Non-spawn monster count
 F = Spawn count percentage of total count
 G = Total turns spent on level
                    A         B        C        D         E        F      G
               +---------+---------+-------+---------+---------+-------+---------
         Total |       0 |     622 |   0.0 |       0 |      67 |   0.0 |  1366
               +---------+---------+-------+---------+---------+-------+---------
           D:1 |       0 |      38 |   0.0 |       0 |      12 |   0.0 |   289
           D:2 |       0 |      97 |   0.0 |       0 |      18 |   0.0 |   314
           D:3 |       0 |     117 |   0.0 |       0 |      27 |   0.0 |   461
           D:4 |       0 |     370 |   0.0 |       0 |      10 |   0.0 |   240
               +---------+---------+-------+---------+---------+-------+---------

Table legend:
 A = Turns spent in this place as a percentage of turns spent in the entire game.
 B = Non-inter-level travel turns spent in this place as a percentage of non-inter-level travel turns spent in the entire game.
 C = Inter-level travel turns spent in this place as a percentage of turns spent in this place.
 D = Turns resting spent in this place as a percentage of non-inter-level travel turns spent in this place.
 E = Turns spent auto-exploring this place as a percentage of non-inter-level travel turns spent in this place.
 F = Non-inter-level travel turns spent in this place divided by the number of levels of this place that you've seen.
                   A       B       C       D       E      F
               +-------+-------+-------+-------+-------+----------------------
         Total | 100.0 | 100.0 |   2.4 |   0.0 |   0.0 | 266.6
       Dungeon |  95.5 |  95.3 |   2.5 |   0.0 |   0.0 | 317.8
        Temple |   4.5 |   4.7 |   0.0 |   0.0 |   0.0 |  62.0
               +-------+-------+-------+-------+-------+----------------------

Table legend:
 A = Kills in this place as a percentage of kills in entire the game.
 B = Kills by you in this place as a percentage of kills by you in the entire game.
 C = Kills by friends in this place as a percentage of kills by friends in the entire game.
 D = Other kills in this place as a percentage of other kills in the entire game.
 E = Experience gained in this place as a percentage of experience gained in the entire game.
 F = Experience gained in this place divided by the number of levels of this place that you have seen.
                   A       B       C       D       E      F
               +-------+-------+-------+-------+-------+----------------------
         Total | 100.0 | 100.0 | 100.0 |   N/A | 100.0 | 124.4
       Dungeon | 100.0 | 100.0 | 100.0 |   N/A | 100.0 | 155.5
               +-------+-------+-------+-------+-------+----------------------

Vault maps used:
D:1:      minmay_arrival_semitransparent, okawaru_ov_weapons_minmay
D:2:      nicolae_overflow_hidden_temple, first_bread, uniq_natasha
D:3:      tso_metal_star, uniq_robin
D:4:      makhleb_grotto_becter, kennysheep_mini_moat, temple_statues
Temple:   regret_index_temple_waves
